 Dungeon Crawl Stone Soup version 0.20.0-15-g7f486f2 (webtiles) character file.

309 kraftydee the Magician (level 6, -2/32 HPs)
             Began as a Deep Elf Air Elementalist on June 12, 2017.
             Was an Initiate of Qazlal.
             Killed by divine providence
             ... invoked by an orc priest
              (13 damage)
             ... on level 4 of the Dungeon.
             The game lasted 00:10:42 (3667 turns).

kraftydee the Magician (Deep Elf Air Elementalist)  Turns: 3667, Time: 00:10:43

Health: -2/32      AC:  2    Str:  5    XL:     6   Next: 17%
Magic:  1/16       EV: 13    Int: 22    God:    Qazlal [......]
Gold:   133        SH:  0    Dex: 15    Spells: 5/15 levels left

rFire    . . .     SeeInvis +   (no weapon)
rCold    . . .     Gourm    .   (no shield)
rNeg     . . .     Faith    .   a - +0 robe
rPois    .         Spirit   .   (no helmet)
rElec    .         Reflect  .   (no cloak)
rCorr    .         Harm     .   (no gloves)
MR       .....                  (no boots)
Stlth    ++........             (no amulet)
Regen    0.1/turn               l - ring of see invisible
MPRegen  0.2/turn               (no ring)

@: no status effects
A: no striking features
a: Renounce Religion


You were on level 4 of the Dungeon.
You worshipped Qazlal.
Qazlal was noncommittal.
You were very hungry.

You visited 1 branch of the dungeon, and saw 4 of its levels.

You collected 133 gold pieces.

Inventory:

Armour
 a - a +0 robe (worn)
Jewellery
 l - a ring of see invisible (left hand)
 t - a cursed ring of teleportation {unknown}
Wands
 r - a wand of digging (10/24)
Scrolls
 f - a scroll of recharging
 h - 4 scrolls of identify
 m - a scroll of enchant weapon {unknown}
 p - 3 scrolls of remove curse {unknown}
 u - 2 scrolls of blinking {unknown}
Potions
 d - a potion of ambrosia {unknown}
 e - a potion of flight {unknown}
 i - a potion of heal wounds {unknown}
 j - a potion of brilliance {unknown}
 k - a potion of haste {unknown}
 n - 2 potions of might {unknown}
 o - 2 potions of lignification {unknown}
 q - 3 potions of curing {unknown}
 s - a potion of degeneration {unknown}
Books
 b - a book of Air

   Spells                             Type                      Level
   a - Shock                          Conjuration/Air              1
   b - Swiftness                      Charms/Air                   2
   c - Static Discharge               Conjuration/Air              3
   d - Airstrike                      Air                          4
   e - Lightning Bolt                 Conjuration/Air              5
Comestibles
 c - 3 bread rations
 g - a royal jelly


   Skills:
 + Level 2.8 Dodging
 + Level 3.3 Stealth
 + Level 0.1 Unarmed Combat
 + Level 5.3 Spellcasting
 + Level 3.4 Conjurations
 + Level 4.6 Air Magic


You had 5 spell levels left.
You knew the following spells:

 Your Spells              Type           Power        Failure   Level  Hunger
a - Shock                 Conj/Air       ###.         1%          1    None
b - Swiftness             Chrm/Air       ###.....     5%          2    None
c - Static Discharge      Conj/Air       ###.....     5%          3    ##.....
d - Airstrike             Air            ####......   14%         4    ####...


Dungeon Overview and Level Annotations

Branches:
Dungeon (4/15)
 Temple: D:4-7

Altars:
Qazlal
Uskayaw


Message History

The orc priest is severely wounded.
The orc priest invokes the aid of Beogh against you.
You struggle to resist.
You hit the orc priest but do no damage.
The orc priest is severely wounded.
The orc priest hits you but does no damage.
You hit the orc priest.
The orc priest is almost dead.
The orc priest barely misses you.
You hit the orc priest.
The orc priest is almost dead.
The orc priest closely misses you.
You completely miss the orc priest.
The orc priest is almost dead.
The orc priest looks encouraged for a moment.
You hit the orc priest but do no damage.
The orc priest is almost dead.
The orc priest mumbles some strange prayers to Beogh against you.
Beogh smites you!
You die...

.....# .....# .#
.....# ##.##
.....# #...#
.....# ###...###
.....# #.......#
##...# #.......#
###.# #..o..).#
#.###########@..#
#...[......†.)?.#
#######.##.##.#.#
#.##......#
#.#####.### #.#
#.# #.. ..# ###
###


You could see an orc priest.

Vanquished Creatures
  The ghost of Dris the Gusty, an amateur TeAE (D:3)
  An orc wizard (D:4)
  A bullfrog skeleton (D:4)
  3 adders
  5 gnolls
  An ooze (D:3)
  A worm (D:3)
  6 dart slugs
  6 leopard geckos
  4 orcs
  10 bats
  6 giant cockroaches
  8 hobgoblins
  4 jackals (D:3)
  2 quokkas (D:3)
  A ball python (D:3)
  2 frilled lizards
  8 goblins
  4 kobolds
  16 rats
90 creatures vanquished.

Notes
Turn   | Place    | Note
-------+----------+-------------------------------------------
     0 | D:1      | kraftydee the Deep Elf Air Elementalist began the quest for the Orb.
     0 | D:1      | Reached XP level 1. HP: 10/10 MP: 6/6
   254 | D:1      | Reached XP level 2. HP: 15/15 MP: 5/8
   711 | D:1      | Reached XP level 3. HP: 19/19 MP: 8/10
  1137 | D:1      | Reached skill level 4 in Spellcasting
  1472 | D:2      | Reached XP level 4. HP: 23/24 MP: 7/12
  2730 | D:3      | Reached XP level 5. HP: 28/28 MP: 9/13
  3389 | D:3      | Found a hide-covered altar of Uskayaw.
  3418 | D:3      | Noticed Dris's ghost (amateur TeAE)
  3425 | D:3      | Killed Dris's ghost
  3425 | D:3      | Reached skill level 5 in Spellcasting
  3429 | D:3      | Learned a level 2 spell: Swiftness
  3433 | D:3      | Learned a level 3 spell: Static Discharge
  3438 | D:3      | Learned a level 4 spell: Airstrike
  3504 | D:4      | Found a stormy altar of Qazlal.
  3512 | D:4      | Became a worshipper of Qazlal Stormbringer
  3560 | D:4      | Reached XP level 6. HP: 32/32 MP: 8/15
  3667 | D:4      | Killed from afar by an orc priest

Skill      XL: |  1  2  3  4  5 |
---------------+----------------+-----
Spellcasting   | 4 5 |  5.3
Conjurations   | 2 3 |  3.4
Air Magic      | 4 |  4.6
Stealth        | 3 |  3.3
Dodging        | |  2.8
Unarmed Combat | |  0.1

Action                   |  1- 3 |  4- 6 || total
-------------------------+-------+-------++-------
Melee: Unarmed           |    24 |     9 ||    33
 Cast: Shock             |    82 |   112 ||   194
       Static Discharge  |       |     4 ||     4
       Airstrike         |       |     1 ||     1
  Use: Scroll            |     3 |       ||     3
  Eat: Chunk             |     1 |     6 ||     7
Armor: Robe              |     8 |     4 ||    12
Dodge: Dodged            |    31 |    11 ||    42
